 Dungeon Crawl Stone Soup version 0.29.0-13-gc9e81de378 (webtiles) character file.

Game seed: 894781118111761191

3 Artool the Ducker (level 1, 0/16 HPs)
             Began as a Demonspawn Gladiator on Sept 7, 2022.
             Slain by an endoplasm (3 damage)
             ... on level 1 of the Dungeon.
             The game lasted 00:00:24 (68 turns).

Artool the Ducker (Demonspawn Gladiator)              Turns: 68, Time: 00:00:25

Health: 0/16       AC:  4    Str: 14    XL:     1   Next: 41%
Magic:  1/1        EV: 12    Int:  9    God:
Gold:   0          SH:  0    Dex: 14    Spells: 0/0 levels left

rFire   . . .      SeeInvis .   a - +0 flail
rCold   . . .      Faith    .   (no shield)
rNeg    . . .      Spirit   .   b - +0 leather armour
rPois   .          Reflect  .   c - +0 helmet
rElec   .          Harm     .   (no cloak)
rCorr   .          Rampage  .   (no gloves)
Will    .....                   (no boots)
Stlth   +.........              (no amulet)
HPRegen 0.05/turn               (no ring)
MPRegen 0.07/turn               (no ring)

@: no status effects
A: no striking features
a: no special abilities


You were on level 1 of the Dungeon.
You visited 1 branch of the dungeon, and saw 1 of its levels.

Inventory:

Hand Weapons
 a - a +0 flail (weapon)
Missiles
 d - 3 throwing nets (quivered)
 e - 6 javelins
Armour
 b - a +0 leather armour (worn)
 c - a +0 helmet (worn)
Potions
 f - a potion of invisibility {unknown}


   Skills:
 + Level 2.0 Fighting
 + Level 2.7 Maces & Flails
 + Level 1.8 Throwing
 + Level 0.1 Armour
 + Level 2.7 Dodging


You couldn't memorise any spells.
You didn't know any spells.
Your spell library was empty.

Dungeon Overview and Level Annotations

Branches:
Dungeon (1/15)

Altars:


Message History

f - a purple potion You open the door.
There is an open door here.
A kobold comes into view. It is wielding a +2 dagger of speed.
The kobold throws a stone.
The stone hits you but does no damage.
The kobold throws a stone.
The stone closely misses you.
A goblin and an endoplasm come into view.
Found 15 gold pieces.
Found a stone staircase leading down.
The goblin shouts!
A giant cockroach comes into view.
The endoplasm quivers.
The kobold completely misses you.
You thump the kobold!
You kill the kobold!
Things that are here:
a +2 dagger of speed; 5 stones; a kobold corpse The endoplasm closely misses you.
The giant cockroach misses you.
You barely miss the giant cockroach. The endoplasm closely misses you.
A frilled lizard comes into view.
The giant cockroach barely misses you.
You hit the giant cockroach.
The giant cockroach is severely wounded.
The giant cockroach barely misses you. The endoplasm freezes you.
You are frozen.
The goblin hits you with a +0 dagger. The giant cockroach closely misses you.
The endoplasm misses you. The goblin hits you with a +0 dagger.
You are too injured to fight recklessly!
You are too injured to fight recklessly!
You are too injured to fight recklessly!
You sock the giant cockroach!
You kill the giant cockroach!
The goblin hits you with a +0 dagger. The endoplasm closely misses you.
You barely miss the goblin. The endoplasm closely misses you.
The goblin hits you with a +0 dagger.
* * * LOW HITPOINT WARNING * * *
You sock the goblin!
You kill the goblin!
The endoplasm hits you.
You die...

.#.. #..♣....+##.
....#>.....#......## #.
....#......#....### #.
..#..........(.# ###
###.............## #..
....#.l...##...'## #.#
.......#.......#.### #..
......†)).##..##...# ###
...$..J@).....####.# #
..............####.# +
....#.........'..#.### #
..............##.....# +
#.......#.....######...#
....##.##.....# #.##
.... #.........# .# ...
########..+ # #...


You could see an endoplasm and a frilled lizard.

Vanquished Creatures
  A giant cockroach (D:1)
  A goblin (D:1)
  A kobold (D:1)
  A frilled lizard (D:1)
4 creatures vanquished.

Notes
Turn   | Place    | Note
-------+----------+-------------------------------------------
     0 | D:1      | Artool the Demonspawn Gladiator began the quest for the
                  | Orb.
     0 | D:1      | Reached XP level 1. HP: 16/16 MP: 1/1
    68 | D:1      | Slain by an endoplasm

Illustrated notes

Levels and vault maps discovered:
D:1:      nicolae_arrival_somewhat_less_tricky_arrival, layout_basic,
          hangedman_abyss_or_decor_lesser_grid

Action                   || total
-------------------------++-------
Melee: Flail             ||     7
Armor: Leather armour    ||     1
Dodge: Dodged            ||    12
